Map: Frozen Temple

Players

Pokebunny

  • Race: Terran Terran
  • League: Grandmaster

hydra - Winner!

  • Race: Zerg Zerg
  • League: Grandmaster

VOD

Have the link to the VOD?

Description

Time

  • Played on: April 4, 2016, 4:19 p.m.
  • Length: 9:54
Show
View Real Time Build Order
Export as new Build Order

Pokebunny Terran 

Build Orders: Reaper Expand, MMM Bio 

Get SALT Encoding   

  12  0:01  SCV  
  13  0:13  SCV  
  14  0:19  Supply Depot  
  14  0:25  SCV  
  15  0:40  SCV  
  15  0:41  Barracks  
  16  0:44  Refinery  
  16  0:52  SCV  
  17  1:04  SCV  
  18  1:16  SCV  
  19  1:29  Orbital Command  
  19  1:30  Reaper  
  20  1:40  Command Center  
  20  1:47  Supply Depot  
  20  1:55  SCV  
  21  2:02  Barracks Reactor  
  21  2:06  Barracks  
  21  2:09  SCV  
  22  2:16  Barracks  
  22  2:21  SCV  
  23  2:23  Refinery  
  23  2:33  SCV  
  24  2:38  Marine x2  
  26  2:51  SCV  
  26  2:53  Factory  
  26  2:57  Barracks Tech Lab  
  26  2:58  Marine x2  
  28  3:04  SCV  
  29  3:09  Marine  
  30  3:14  Orbital Command  
  30  3:18  Marine x2  
  31  3:24  Marine  
  32  3:29  Stimpack  
  32  3:30  Marine, SCV  
  34  3:38  Starport  
  34  3:40  Marine x2  
  36  3:44  Marine  
  36  3:45  Factory Reactor  
  37  3:49  SCV  
  37  3:50  SCV  
  37  3:54  Marine  
  40  4:01  Supply Depot, Marine x2  
  42  4:05  SCV x2  
  42  4:07  Marine  
  45  4:16  Marine  
  46  4:17  Supply Depot  
  46  4:23  Marine x2, SCV x2  
  50  4:29  Medivac  
  50  4:30  Medivac  
  54  4:35  Supply Depot  
  54  4:39  SCV x2  
  54  4:45  Bunker  
  56  4:48  Barracks Reactor  
  56  4:49  Marine x3  
  59  4:54  Factory Tech Lab  
  59  4:56  SCV x2  
  61  5:12  Command Center  
  61  5:19  SCV x2  
  63  5:24  Marine x3  
  63  5:27  Medivac x2  
  66  5:44  Marine x3  
  66  5:45  Marine  
  70  5:50  Refinery, Supply Depot  
  70  5:51  Refinery  
  70  6:08  Supply Depot  
  70  6:12  Siege Tank, Marine x3, SCV x2  
  70  6:13  Engineering Bay x2  
  78  6:24  SCV  
  78  6:25  Orbital Command  
  79  6:26  Combat Shields  
  79  6:33  SCV  
  79  6:36  SCV  
  81  6:41  Terran Infantry Armor Level 1, Supply Depot, Terran Infantry Weapons Level 1  
  81  6:43  Marine x3  
  81  6:44  Marine x2  
  83  7:04  Marine x4  
  80  7:17  Siege Tank  
  80  7:20  Armory  
  80  7:21  Supply Depot, SCV x2  
  89  7:26  Marine  
  89  7:27  Marine x3  
  93  7:33  SCV  
  94  7:39  Medivac x2  
  94  7:46  Orbital Command  
  94  7:50  SCV x2  
  90  7:56  Siege Tank  
  91  8:02  SCV x2  
  93  8:12  SCV  
  94  8:14  SCV x2  
  94  8:16  Supply Depot  
  94  8:19  Marine x3  
  98  8:20  Marine x2  
  98  8:22  Bunker  
  98  8:24  Supply Depot  
  98  8:25  Barracks, SCV  
  98  8:26  Barracks  
  102  8:35  SCV x2  
  102  8:37  SCV  
  102  8:38  Supply Depot x2  
  105  8:43  Marine  
  105  8:44  Marine x3  
  109  8:49  Siege Tank  
  112  8:56  SCV  
  112  8:57  SCV x2  
  115  9:04  Marine x5  
  115  9:09  Supply Depot  
  120  9:12  Supply Depot  
  115  9:31  Bunker  
  115  9:32  SCV x3  
  115  9:36  Barracks Reactor x2  
  117  9:41  Barracks  
  117  9:42  Barracks  
  117  9:43  Supply Depot  
  117  9:44  Barracks  
Show
View Real Time Build Order
Export as new Build Order

hydra Zerg - Winner!

Build Orders: Pool First, Muta Ling Bane 

Get SALT Encoding   

  12  0:00  Drone  
  13  0:12  Overlord  
  13  0:18  Drone  
  14  0:31  Drone x2  
  14  0:34  Drone  
  17  0:45  Extractor  
  17  0:47  Spawning Pool  
  16  0:50  Drone  
  16  0:56  Drone  
  17  1:07  Drone  
  18  1:19  Hatchery  
  18  1:21  Drone  
  18  1:34  Queen  
  18  1:36  Zergling x2  
  21  1:40  Drone  
  21  1:46  Metabolic Boost  
  22  1:53  Overlord  
  22  2:11  Queen  
  22  2:13  Zergling x4  
  26  2:22  Drone  
  27  2:30  Queen  
  27  2:31  Drone  
  27  2:32  Overlord  
  30  2:40  Drone  
  30  2:41  Drone  
  30  2:42  Drone  
  30  2:43  Drone  
  34  2:46  Drone  
  34  2:54  Drone  
  34  2:55  Drone  
  36  3:02  Overlord  
  35  3:08  Queen  
  35  3:10  Drone  
  38  3:15  Drone  
  38  3:17  Drone  
  38  3:19  Drone x3  
  43  3:20  Drone  
  43  3:25  Drone  
  45  3:35  Hatchery  
  45  3:39  Queen  
  46  3:41  Drone  
  46  3:44  Drone  
  46  3:45  Drone  
  49  3:49  Overlord  
  49  3:53  Drone  
  50  3:55  Lair  
  50  3:57  Drone  
  50  4:01  Overlord, Extractor  
  50  4:05  Drone x2  
  50  4:09  Drone  
  53  4:13  Evolution Chamber  
  53  4:14  Evolution Chamber  
  51  4:18  Zergling x8  
  51  4:21  Zergling x4  
  57  4:25  Drone  
  57  4:26  Extractor  
  57  4:30  Drone x4  
  61  4:34  Overlord  
  61  4:42  Zerg Ground Armor Level 1  
  61  4:44  Drone  
  62  4:51  Drone x2, Zerg Melee Weapons Level 1  
  62  4:52  Drone x2  
  66  4:53  Drone x2  
  66  4:55  Drone  
  66  4:57  Overseer  
  69  5:01  Drone x3  
  69  5:05  Baneling Nest  
  70  5:08  Zergling x4  
  70  5:11  Zergling x2  
  70  5:12  Zergling x2  
  74  5:17  Zergling x2  
  75  5:23  Overlord x4  
  75  5:28  Overlord  
  71  5:38  Zergling x8  
  71  5:41  Zergling x2  
  71  5:42  Zergling x8  
  67  5:45  Zergling x2  
  67  5:48  Zergling x2  
  67  5:51  Zergling x2  
  68  5:58  Baneling  
  68  5:59  Baneling x8  
  68  6:00  Zergling x2  
  68  6:04  Zergling x2, Drone  
  69  6:06  Queen x2  
  69  6:08  Zergling x2  
  75  6:13  Zergling x2  
  75  6:14  Centrifical Hooks  
  76  6:23  Hatchery  
  74  6:25  Zergling x2  
  74  6:26  Zergling x6  
  78  6:33  Zergling x4  
  78  6:36  Baneling x3  
  78  6:37  Baneling x4  
  80  6:43  Zergling x4  
  80  6:48  Zergling x2  
  81  6:54  Zergling x6  
  81  7:01  Zergling x2  
  81  7:02  Zerg Melee Weapons Level 2  
  81  7:03  Zerg Ground Armor Level 2  
  81  7:06  Overlord  
  81  7:08  Overlord  
  75  7:20  Overlord x2  
  75  7:25  Zergling x8  
  75  7:26  Zergling x4  
  81  7:36  Zergling x6  
  84  7:43  Baneling  
  84  7:49  Zergling x2  
  84  7:50  Zergling x4  
  84  7:51  Spire  
  83  7:53  Extractor  
  83  7:54  Extractor  
  79  8:00  Zergling x2  
  79  8:01  Zergling x12  
  85  8:06  Zergling x2  
  86  8:14  Overlord x2  
  86  8:19  Zergling x10  
  91  8:21  Zergling x4  
  91  8:22  Zergling x2  
  94  8:27  Overlord  
  94  8:33  Drone x2  
  96  8:39  Drone x2  
  97  8:48  Hatchery  
  96  8:55  Overlord  
  96  9:01  Extractor  
  94  9:03  Queen  
  94  9:04  Mutalisk x10  
  116  9:15  Baneling x5  
  116  9:16  Zergling x2, Baneling  
  113  9:17  Zergling x16  
  118  9:26  Zergling x2  
  118  9:27  Zergling x2  
  116  9:32  Baneling x2  
  116  9:34  Zergling x2  
  116  9:35  Zergling x6  
  116  9:38  Drone  
Tags
 
Add a new tag
Caveats
  • Supply blocks, unpowered buildings, or Contaminate may cause inaccurate times.
  • Supply counts are checked every 10 seconds.